 Dungeon Crawl Stone Soup version 0.29.0-4-gdea44cf6ec (webtiles) character file.

Game seed: 1836776941319035167

394 qw the Chopper (level 6, -10/35 HPs)
             Began as a Tengu Warper on Aug 28, 2022.
             Killed by divine providence
             ... invoked by an orc priest
              (13 damage)
             ... on level 4 of the Dungeon.
             The game lasted 00:00:23 (3868 turns).

qw the Chopper (Tengu Warper)                       Turns: 3868, Time: 00:00:24

Health: -10/35     AC:  6    Str: 13    XL:     6   Next: 82%
Magic:  10/10      EV:  9    Int: 13    God:
Gold:   173        SH: 14    Dex: 14    Spells: 9/9 levels left

rFire   + . .      SeeInvis .   Y - +1 hand axe
rCold   + . .      Faith    .   i - +0 kite shield
rNeg    . . .      Spirit   .   h - +0 scale mail
rPois   .          Reflect  +   (helmet restricted)
rElec   .          Harm     .   d - scarf {rC+ rF+}
rCorr   .          Rampage  .   (no gloves)
Will    .....                   (boots unavailable)
Stlth   ..........              c - amulet of reflection
HPRegen 0.11/turn               (no ring)
MPRegen 0.12/turn               (no ring)

@: about to teleport, flying quickly and evasively, quick
A: beak, talons 3, nimble flight
a: no special abilities


You were on level 4 of the Dungeon.
You visited 1 branch of the dungeon, and saw 5 of its levels.

You collected 173 gold pieces.


Innate Abilities, Weirdness & Mutations

You have a beak for a mouth.
You have claws for feet.
Your magical nature lets you fly swiftly and evasively.


   Skills:
 - Level 2.0 Fighting
 - Level 6.3 Axes
 - Level 1.0 Throwing
 - Level 1.1 Armour
 - Level 2.1 Dodging
 + Level 3.7 Shields
 - Level 2.0 Spellcasting
 - Level 2.4 Translocations


You had 9 spell levels left.
You didn't know any spells.
Your spell library contained the following spells:

 Spells                   Type           Power      Damage    Failure   Level
 Blink                    Tloc           14%        N/A       91%         2
 Gell's Gravitas          Tloc           7%         N/A       99%         3
 Lesser Beckoning         Tloc           7%         N/A       99%         3
 Teleport Other           Tloc           7%         N/A       99%         3
 Manifold Assault         Tloc           7%         N/A       100%        5

Inventory:

Hand Weapons
 e - a +0 flail
 Y - a +1 hand axe (weapon)
Armour
 d - a scarf of resistance (worn)
 h - a +0 scale mail (worn)
 i - a +0 kite shield (worn)
Jewellery
 c - an amulet of reflection (around neck)
Scrolls
 a - a scroll of identify
 f - a scroll of teleportation

Dungeon Overview and Level Annotations

Branches:
Dungeon (5/15)
 Temple: D:4-7

Altars:

Shops:
D:1 *

Annotations:
D:2 1 runed translucent door, Crazy Yiuf


Message History

3862 ||| DRINKING potion of heal wounds.
You feel much better. The orc hits you but does no damage.
The orc priest mumbles some strange prayers to Beogh against you.
You barely resist. Something hits you.
You bump into the rock wall.
You feel less confused. You block the orc's attack.
You block something's attack. The orc priest barely misses you.
The dart slug barely misses you.
You hit the orc. Your peck misses the orc.
The orc is heavily wounded.
You hit something. You hit the dart slug.
You hit the orc priest but do no damage.
The orc priest hits you with a +0 flail.
The orc hits you but does no damage. Something hits you but does no damage.
You hit the dart slug but do no damage.
The dart slug is heavily wounded.
You hit the orc priest. You hit the orc. You hit something but do no damage.
You block the orc's attack.
You hear some strange, mumbled words.
Something tries to affect you, but you resist.
The orc priest calls down the wrath of Beogh upon you.
Beogh smites you! You block the dart slug's attack.
3866 ||| READING 2 scrolls of teleportation.
As you read the scroll of teleportation, it crumbles to dust.
You feel strangely unstable. The orc hits you but does no damage.
You block the orc priest's attack. You block something's attack.
You block the dart slug's attack.
You hit the orc but do no damage. You claw the orc.
You kill the orc!
You hit something. You hit the dart slug but do no damage.
You closely miss the orc priest. You block the orc priest's attack.
Something hits you but does no damage. You block the dart slug's attack.
You hit the dart slug. You claw the dart slug.
You kill the dart slug!
You hit the orc priest. You miss something.
The orc priest invokes the aid of Beogh against you.
Beogh smites you!
You die...

#...........############..
#...........# .....
#...........# .##..
#######'##### #.. #.....#
#. #.. #####.# #. #.. #.#
#. ### ########.# ##.####
#.....@..## #......
#....o){..# #......
#.........# #......
#...).....# #......
#....$....# #......
...........## ###......
......####... ..........
...... #### ####......
...... #......


You could see an orc priest.

Vanquished Creatures
  A scorpion (D:4)
  2 necrophages (D:4)
  2 orc priests
  An iguana (D:5)
  An orc wizard (D:3)
  2 adders (D:3)
  2 worms (D:2)
  2 dart slugs
  4 orcs
  6 bats
  7 endoplasms
  3 giant cockroaches (D:2)
  7 goblins
  5 hobgoblins
  9 jackals
  2 quokkas (D:2)
  7 ball pythons
  5 frilled lizards
  7 kobolds
  7 rats
82 creatures vanquished.

Vanquished Creatures (others)
  A plant (D:4)
1 creature vanquished.

Grand Total: 83 creatures vanquished

Notes
Turn   | Place    | Note
-------+----------+-------------------------------------------
     0 | D:1      | qw the Tengu Warper began the quest for the Orb.
     0 | D:1      | Reached XP level 1. HP: 12/12 MP: 4/4
     0 | D:1      | 0 ||| qw: Version: 0.1-a-89-g26bdef1
     0 | D:1      | 0 ||| qw: Game counter: 291
     0 | D:1      | 0 ||| qw: Always use a shield: true
     0 | D:1      | 0 ||| qw: God list: Okawaru
     0 | D:1      | 0 ||| qw: Allow faded altars: false
     0 | D:1      | 0 ||| qw: Do Orc after D:15 true
     0 | D:1      | 0 ||| qw: Do second Lair branch before Depths: true
     0 | D:1      | 0 ||| qw: Lair rune preference: random
     0 | D:1      | 0 ||| qw: Plans: Normal
     0 | D:1      | 0 ||| PLANNING D:1-11
     9 | D:1      | 9 ||| Stepping ~*~*~tactically~*~*~ (stealth).
    21 | D:1      | 21 ||| Stepping ~*~*~tactically~*~*~ (stealth).
    22 | D:1      | 22 ||| Stepping ~*~*~tactically~*~*~ (stealth).
    23 | D:1      | 23 ||| Stepping ~*~*~tactically~*~*~ (stealth).
    34 | D:1      | 34 ||| Stepping ~*~*~tactically~*~*~ (stealth).
    38 | D:1      | 38 ||| Stepping ~*~*~tactically~*~*~ (stealth).
    46 | D:1      | Reached skill level 3 in Axes
    46 | D:1      | Reached XP level 2. HP: 16/17 MP: 6/6
   386 | D:1      | Found Uckoniu's Assorted Antiques.
   393 | D:1      | 393 ||| SHOPLISTING bubbling ruby potion (21 gold, have
                  | 20).
   393 | D:1      | 393 ||| SHOPLISTING scroll labelled UXAFUT HET LET (24
                  | gold, have 20).
   393 | D:1      | 393 ||| SHOPLISTING scroll labelled XISCHITHONADU (24 gold,
                  | have 20).
   670 | D:1      | 670 ||| UPGRADING to +0 scale mail.
   680 | D:1      | 680 ||| DROPPING +0 leather armour.
   681 | D:1      | 681 ||| READING 2 scrolls labelled IBLOUG SUL SOA.
   682 | D:1      | 682 ||| READING scroll labelled OLIM VAPUUV.
   683 | D:1      | 683 ||| READING scroll labelled WOUBUF UNLO.
   684 | D:1      | 684 ||| DROPPING scroll of blinking.
   786 | D:2      | 786 ||| FLEEEEING.
   787 | D:2      | 787 ||| FLEEEEING.
   788 | D:2      | 788 ||| FLEEEEING.
   789 | D:2      | 789 ||| FLEEEEING.
   790 | D:2      | 790 ||| STAIRDANCE
   987 | D:2      | Reached XP level 3. HP: 13/21 MP: 7/7
  1066 | D:2      | 1066 ||| Stepping ~*~*~tactically~*~*~ (stealth).
  1069 | D:2      | 1069 ||| Stepping ~*~*~tactically~*~*~ (stealth).
  1127 | D:2      | 1127 ||| Stepping ~*~*~tactically~*~*~ (stealth).
  1137 | D:2      | 1137 ||| FLEEEEING.
  1138 | D:2      | 1138 ||| FLEEEEING.
  1139 | D:2      | 1139 ||| FLEEEEING.
  1142 | D:2      | 1142 ||| FLEEEEING.
  1143 | D:2      | 1143 ||| FLEEEEING.
  1144 | D:2      | 1144 ||| FLEEEEING.
  1145 | D:2      | 1145 ||| FLEEEEING.
  1146 | D:2      | 1146 ||| FLEEEEING.
  1147 | D:2      | 1147 ||| FLEEEEING.
  1148 | D:2      | 1148 ||| FLEEEEING.
  1149 | D:2      | 1149 ||| FLEEEEING.
  1150 | D:2      | 1150 ||| FLEEEEING.
  1151 | D:2      | 1151 ||| FLEEEEING.
  1152 | D:2      | 1152 ||| FLEEEEING.
  1153 | D:2      | 1153 ||| STAIRDANCE
  1337 | D:2      | Reached skill level 4 in Axes
  1356 | D:2      | 1356 ||| Stepping ~*~*~tactically~*~*~ (stealth).
  1362 | D:2      | 1362 ||| Stepping ~*~*~tactically~*~*~ (stealth).
  1363 | D:2      | 1363 ||| Stepping ~*~*~tactically~*~*~ (stealth).
  1367 | D:2      | 1367 ||| Stepping ~*~*~tactically~*~*~ (stealth).
  1368 | D:2      | 1368 ||| Stepping ~*~*~tactically~*~*~ (stealth).
  1369 | D:2      | 1369 ||| Stepping ~*~*~tactically~*~*~ (stealth).
  1370 | D:2      | 1370 ||| Stepping ~*~*~tactically~*~*~ (stealth).
  1380 | D:2      | 1380 ||| Stepping ~*~*~tactically~*~*~ (stealth).
  1488 | D:2      | Found a runed translucent door.
  1489 | D:2      | Noticed Crazy Yiuf
  1631 | D:2      | 1631 ||| Stepping ~*~*~tactically~*~*~ (stealth).
  1635 | D:2      | 1635 ||| Stepping ~*~*~tactically~*~*~ (stealth).
  1637 | D:2      | 1637 ||| Stepping ~*~*~tactically~*~*~ (stealth).
  1646 | D:2      | Found a faded altar of an unknown god.
  1747 | D:2      | 1747 ||| Stepping ~*~*~tactically~*~*~ (stealth).
  1879 | D:2      | 1879 ||| UPGRADING to +0 kite shield.
  1884 | D:2      | 1884 ||| UPGRADING to amulet of reflection.
  1889 | D:2      | 1889 ||| READING scroll labelled CIFFOZ MILEKEI.
  1890 | D:2      | 1890 ||| READING scroll labelled UTIUDO COUSM.
  1891 | D:2      | 1891 ||| DRINKING 2 fizzy inky potions.
  1892 | D:2      | 1892 ||| READING 2 scrolls of identify.
  1892 | D:2      | 1892 ||| IDENTIFYING fizzy purple potion
  1893 | D:2      | 1893 ||| DROPPING potion of invisibility.
  1894 | D:2      | 1894 ||| DROPPING potion of brilliance.
  1962 | D:3      | 1962 ||| Stepping ~*~*~tactically~*~*~ (stealth).
  1986 | D:3      | Reached skill level 1 in Shields
  1986 | D:3      | Reached XP level 4. HP: 26/26 MP: 8/8
  2055 | D:3      | You fall into a shaft and drop 2 floors!
  2055 | D:5      | Entered Level 5 of the Dungeon
  2068 | D:5      | HP: 6/26 [iguana (9)]
  2332 | D:5      | 2332 ||| DROPPING +0 mace.
  2333 | D:5      | 2333 ||| READING scroll labelled SOS ESOCIURPHUIT.
  2334 | D:5      | 2334 ||| READING scroll labelled ZANWAD QOT BACS.
  2335 | D:5      | 2335 ||| Stepping randomly (stuck).
  2336 | D:5      | 2336 ||| Stepping ~*~*~tactically~*~*~ (cloud).
  2634 | D:4      | Noticed a scorpion
  2645 | D:4      | Killed a scorpion
  2646 | D:4      | Reached skill level 3 in Shields
  2646 | D:4      | Gained mutation: Your magical nature lets you fly swiftly
                  | and evasively. [Tengu growth]
  2646 | D:4      | Reached XP level 5. HP: 30/30 MP: 9/9
  2713 | D:4      | Reached skill level 5 in Axes
  2741 | D:4      | 2741 ||| UPGRADING to scarf of resistance.
  2746 | D:4      | 2746 ||| DRINKING 2 viscous clear potions.
  2747 | D:4      | 2747 ||| DRINKING 2 viscous silvery potions.
  2779 | D:4      | 2779 ||| DROPPING potion of lignification.
  2901 | D:3      | Reached XP level 6. HP: 35/35 MP: 10/10
  3269 | D:3      | 3269 ||| Stepping ~*~*~tactically~*~*~ (hiding).
  3290 | D:3      | 3290 ||| Stepping ~*~*~tactically~*~*~ (stealth).
  3303 | D:3      | 3303 ||| Stepping ~*~*~tactically~*~*~ (hiding).
  3331 | D:3      | 3331 ||| FLEEEEING.
  3332 | D:3      | 3332 ||| FLEEEEING.
  3336 | D:3      | 3336 ||| FLEEEEING.
  3337 | D:3      | 3337 ||| FLEEEEING.
  3338 | D:3      | 3338 ||| FLEEEEING.
  3341 | D:3      | 3341 ||| FLEEEEING.
  3342 | D:3      | 3342 ||| FLEEEEING.
  3343 | D:3      | 3343 ||| FLEEEEING.
  3344 | D:3      | 3344 ||| FLEEEEING.
  3345 | D:3      | 3345 ||| FLEEEEING.
  3346 | D:3      | 3346 ||| FLEEEEING.
  3347 | D:3      | 3347 ||| FLEEEEING.
  3351 | D:3      | 3351 ||| FLEEEEING.
  3352 | D:3      | 3352 ||| FLEEEEING.
  3354 | D:3      | 3354 ||| FLEEEEING.
  3355 | D:3      | 3355 ||| FLEEEEING.
  3356 | D:3      | 3356 ||| FLEEEEING.
  3357 | D:3      | 3357 ||| FLEEEEING.
  3358 | D:3      | 3358 ||| FLEEEEING.
  3363 | D:3      | 3363 ||| STAIRDANCE
  3523 | D:2      | 3523 ||| READING 3 scrolls labelled SOAFESUGOSI.
  3569 | D:2      | 3569 ||| READING scroll labelled YJAXULIESK.
  3570 | D:2      | 3570 ||| READING 2 scrolls of identify.
  3570 | D:2      | 3570 ||| IDENTIFYING fuming green potion
  3571 | D:2      | 3571 ||| DROPPING potion of flight.
  3817 | D:4      | Reached skill level 6 in Axes
  3861 | D:4      | HP: 8/35 [orc/+0 short sword (1)]
  3861 | D:4      | HP: 1/35 [orc priest/divine providence (7)]
  3862 | D:4      | 3862 ||| DRINKING potion of heal wounds.
  3866 | D:4      | 3866 ||| READING 2 scrolls of teleportation.
  3868 | D:4      | Killed from afar by an orc priest

Levels and vault maps discovered:
D:1:      dpeg_arrival_boxorama, layout_loops_ring, serial_shops,
          nicolae_diamond_shop
D:2:      layout_rooms, hellmonk_ecumenical_altar_leap_of_faith,
          uniq_crazy_yiuf_cottage
D:3:      minmay_evil_eye, layout_basic
D:4:      layout_basic, serial_bayou_crossing
D:5:      layout_basic

Skill      XL: |  1  2  3  4  5  6 |
---------------+-------------------+-----
Axes           | 3 4 5 6 |  6.3
Shields        | 1 3 |  3.7
Fighting       | |  2.0
Throwing       | |  1.0
Armour         | |  1.1
Dodging        | |  2.1
Spellcasting   | |  2.0
Translocations | |  2.4

Action                   |  1- 3 |  4- 6 || total
-------------------------+-------+-------++-------
Melee: Hand axe          |    85 |   111 ||   196
       Peck              |    17 |    18 ||    35
       Kick              |    21 |    32 ||    53
       Punch             |     1 |       ||     1
Throw: Boomerang         |     7 |       ||     7
  Use: Scroll            |     6 |     6 ||    12
       Potion            |     1 |     3 ||     4
Armor: Leather armour    |     4 |       ||     4
       Scale mail        |    16 |    22 ||    38
Dodge: Dodged            |    31 |    33 ||    64
Block: Kite shield       |     4 |    75 ||    79
       Reflection        |       |     2 ||     2

Table legend:
 A = Non-vault XP
 B = Vault XP
 C = Vault XP percentage of total XP
 D = Non-vault monster count
 E = Vault monster count
 F = Vault count percentage of total count
                 A         B        C        D         E       F
            +---------+---------+-------+---------+---------+-------
      Total |     555 |      13 |   2.3 |      81 |       1 |   1.2
            +---------+---------+-------+---------+---------+-------
        D:1 |      22 |       0 |   0.0 |      13 |       0 |   0.0
        D:2 |      48 |       0 |   0.0 |      25 |       0 |   0.0
        D:3 |     128 |      13 |   9.2 |      27 |       1 |   3.6
        D:4 |     322 |       0 |   0.0 |      15 |       0 |   0.0
        D:5 |      35 |       0 |   0.0 |       1 |       0 |   0.0
            +---------+---------+-------+---------+---------+-------
